 Dungeon Crawl Stone Soup version 0.23.0 (webtiles) character file.

Game seed: 1823110958071671959

6330 PentaManta the Slicer (level 11, -8/71 HPs)
             Began as a Kobold Berserker on Feb 17, 2019.
             Was a High Priest of Trog.
             Killed by divine providence
             ... invoked by an orc priest
              (12 damage)
             ... on level 9 of the Dungeon.
             The game lasted 00:43:52 (8756 turns).

PentaManta the Slicer (Kobold Berserker)            Turns: 8756, Time: 00:43:52

Health: -8/71      AC:  8    Str: 17    XL:     11   Next: 16%
Magic:  11/11      EV: 23    Int:  9    God:    Trog [*****.]
Gold:   284        SH:  0    Dex: 17    Spells: 10/10 levels left

rFire    . . .     SeeInvis +   g - +1 dagger (venom)
rCold    . . .     Gourm    .   (shield restricted)
rNeg     . . .     Faith    .   b - +0 animal skin
rPois    .         Spirit   .   u - +2 helmet
rElec    .         Reflect  .   e - scarf {repulsion}
rCorr    .         Harm     .   w - +1 pair of gloves
MR       ++...                  B - +0 pair of boots
Stlth    +++++.....             (no amulet)
HPRegen  1.21/turn              E - +2 ring of strength
MPRegen  0.12/turn              l - ring of see invisible

@: lethally poisoned (-8 -> -8), berserk cooldown, fainting, regenerating,
slowed, repel missiles, very slow
A: small, carnivore
a: Berserk, Trog's Hand, Brothers in Arms, Renounce Religion


You were on level 9 of the Dungeon.
You worshipped Trog.
Trog was extremely pleased with you.
You were fainting.

You visited 2 branches of the dungeon, and saw 10 of its levels.
You also visited: Sewer.

You collected 500 gold pieces.
You spent 216 gold pieces at shops.

Inventory:

Hand Weapons
 g - a +1 dagger of venom (weapon)
 s - a +1 dagger of electrocution
 G - a +0 rapier
 H - a +0 rapier
 I - a +1 dagger of chaos
Missiles
 q - 2 throwing nets (quivered)
Armour
 b - a +0 animal skin (worn)
 e - a scarf of repulsion (worn)
 k - a +1 shield of reflection
 p - the +9 plate armour "Wutekk" {+Fly rC- rN+ Int+4}
   (You found it on level 4 of the Dungeon)

   It affects your intelligence (+4).
   It makes you vulnerable to cold.
   It protects you from negative energy.
   It lets you fly.
 u - a +2 helmet (worn)
 w - a +1 pair of gloves (worn)
 B - a +0 pair of boots (worn)
Magical Staves
 y - an uncursed staff of air {unknown}
Jewellery
 i - an uncursed ring of flight
 l - a ring of see invisible (right hand)
 E - a +2 ring of strength (left hand)
Wands
 a - a wand of acid (9)
 v - a wand of random effects (12)
 C - a wand of digging (5)
 D - a wand of disintegration (12)
 F - a wand of paralysis (9)
Scrolls
 j - 3 scrolls of fog
 m - 5 scrolls of teleportation
 o - 2 scrolls of enchant weapon
Potions
 d - a potion of cancellation
 f - 3 potions of flight
 h - a potion of mutation {unknown}
 n - 2 potions of invisibility
 r - a potion of ambrosia
 t - 2 potions of curing
 x - 2 potions of heal wounds
 z - a potion of berserk rage
 A - 2 potions of lignification
 J - a potion of haste
Comestibles
 c - 18 rations


   Skills:
 + Level 9.5 Fighting
 + Level 11.1 Short Blades
 - Level 1.5 Armour
 - Level 11.0 Dodging
 * Level 10.0 Stealth


You had 10 spell levels left.
You didn't know any spells.
Your spell library was empty.

Dungeon Overview and Level Annotations

Branches:
Dungeon (9/15)             Temple (1/1) D:7
   Lair: D:8-11         Orc: D:9-12

Altars:
Ashenzari
Cheibriados
Dithmenos
Elyvilon
Fedhas
Gozag
Kikubaaqudgha
Makhleb
Okawaru
Qazlal
Ru
Sif Muna
Trog
Uskayaw
Vehumet
Wu Jian
Xom
Yredelemnul
Zin
The Shining One

Shops:
D:5 *   D:6 *[


Innate Abilities, Weirdness & Mutations

You are small and have problems with some larger weapons.
You are carnivorous and can eat meat at any time.


Message History

You kill Erolcha!
Trog accepts your kill.
Your Stealth skill increases to level 10!
You feel sick.
You feel sick.
You feel a strong urge to attack something.
You feel the effects of Trog's Hand fading.
You feel sick.
You see here a chain mail.
You feel your anger nearly subside.
You are no longer berserk.
Trog's vigour flows through your veins.
You are exhausted.
You feel yourself slow down.
You feel sick.
You feel sick. The hungry ghost hits you.
You are fainting from starvation!
There is an escape hatch in the ceiling here.
You feel sick. The hungry ghost hits you.
You feel slightly more hungry.
The orc priest invokes the aid of Beogh against you.
Beogh smites you!
You die...

#.#...ooo#
#####.#.####.# .
......o.# .#
..#.#####...####.# ##
#.# ...##o.......# ..
..# #.##.#o###### .#
#.# #......# #.#
#...W..# #### #.#
#...@..##...##
#.####......#.....##
#..................##
#.####..............###
#.# ####.............
#.# ###.........# #.#
##.......# #.########
##.....## #......†.#
##))÷##


You could see a hungry ghost, an orc priest and 2 orcs.

Vanquished Creatures
  A two-headed ogre (D:9)
  Maurice (D:8)
  Psyche (D:8)
  A queen bee (D:9)
  Prince Ribbit (D:8)
  A hippogriff (D:9)
  Sigmund (D:2)
  A wyvern (D:8)
  A hungry ghost (D:7)
  An orc warrior (D:7)
  2 ice beasts
  A black bear (D:9)
  A necrophage (D:7)
  6 ogres
  6 centaurs
  2 crocodiles
  4 big kobolds
  2 bullfrogs
  Blork the orc (D:6)
  3 scorpions
  5 killer bees (D:9)
  2 howler monkeys
  2 crimson imps
  2 bullfrog zombies
  2 centaur zombies
  A centaur skeleton (D:5)
  7 hounds
  A jelly (D:6)
  7 orc priests
  A bullfrog skeleton (D:7)
  A gnoll shaman (D:5)
  Natasha (twice) (D:4)
  3 iguanas
  7 orc wizards
  6 worker ants
  3 hound skeletons
  A hound zombie (D:5)
  Robin (D:2)
  A worker ant zombie (D:7)
  8 adders
  3 gnolls (D:5)
  2 shadow imps
  2 oozes (D:3)
  2 adder zombies
  4 worms
  2 dart slugs
  9 leopard geckos
  24 orcs
  4 giant cockroaches
  19 goblins
  8 hobgoblins
  11 jackals
  8 quokkas
  A ball python (D:1)
  3 bats
  8 frilled lizards
  A jackal zombie (D:5)
  31 kobolds
  3 leopard gecko skeletons
  3 quokka skeletons
  9 rats
258 creatures vanquished.

Vanquished Creatures (others)
  A quokka (D:6)
1 creature vanquished.

Grand Total: 259 creatures vanquished

Notes
Turn   | Place    | Note
-------+----------+-------------------------------------------
     0 | D:1      | PentaManta the Kobold Berserker began the quest for the
                  | Orb.
     0 | D:1      | Reached XP level 1. HP: 14/14 MP: 1/1
    87 | D:1      | Reached XP level 2. HP: 19/19 MP: 2/2
   494 | D:1      | Reached XP level 3. HP: 22/23 MP: 3/3
   826 | D:2      | Reached ** piety under Trog
  1060 | D:2      | Noticed Robin
  1066 | D:2      | Reached XP level 4. HP: 29/29 MP: 4/4
  1075 | D:2      | Killed Robin
  1174 | D:2      | Noticed Sigmund
  1296 | D:2      | Killed Sigmund
  1296 | D:2      | Reached skill level 5 in Short Blades
  1296 | D:2      | Reached skill level 5 in Dodging
  1296 | D:2      | Reached XP level 5. HP: 30/34 MP: 5/5
  1296 | D:2      | Reached XP level 6. HP: 34/39 MP: 6/6
  1907 | D:3      | Noticed an ice beast
  1914 | D:3      | Noticed an ogre
  1924 | D:3      | Killed an ice beast
  1932 | D:3      | Killed an ogre
  1932 | D:3      | Reached skill level 5 in Fighting
  1932 | D:3      | Reached XP level 7. HP: 19/44 MP: 7/7
  2200 | D:3      | Reached *** piety under Trog
  3032 | D:4      | Reached XP level 8. HP: 38/50 MP: 8/8
  3449 | D:4      | Got a scorched plate armour
  3539 | D:4      | Noticed Natasha
  3550 | D:4      | Killed Natasha
  3566 | D:4      | Found a hide-covered altar of Uskayaw.
  3567 | D:4      | Noticed a +0 dagger
  3568 | D:4      | Noticed a +0 hand axe
  3694 | D:4      | Noticed Natasha
  3713 | D:4      | Killed Natasha
  3925 | D:5      | Entered Level 5 of the Dungeon
  4144 | D:5      | Found a glowing drain.
  4148 | Sewer    | Entered a sewer
  4443 | D:5      | Found Anai's Elemental Accessories.
  4458 | D:5      | Reached **** piety under Trog
  4466 | D:5      | Reached XP level 9. HP: 56/56 MP: 9/9
  4488 | D:5      | Identified the +9 plate armour "Wutekk" {+Fly rC- rN+
                  | Int+4} (You found it on level 4 of the Dungeon)
  4778 | D:5      | Found a bloodstained altar of Trog.
  4943 | D:5      | Found a blossoming altar of Fedhas.
  4992 | D:6      | Found Kuodyzae's General Store.
  5000 | D:6      | Bought a scroll of identify for 24 gold pieces
  5000 | D:6      | Bought a scroll of identify for 24 gold pieces
  5093 | D:6      | Reached skill level 10 in Dodging
  5220 | D:6      | Found Xahek's Armour Emporium.
  5229 | D:6      | Bought a scarf of repulsion for 168 gold pieces
  5514 | D:6      | Noticed Blork the orc
  5520 | D:6      | Killed Blork the orc
  5665 | D:6      | Found a sacrificial altar of Ru.
  5753 | D:6      | Found Xahek's Armour Emporium.
  6003 | D:6      | Found a sacrificial altar of Ru.
  6063 | D:6      | Found Kuodyzae's General Store.
  6470 | D:7      | Reached skill level 1 in Stealth
  6489 | D:7      | Reached XP level 10. HP: 64/64 MP: 10/10
  6615 | D:7      | Found a staircase to the Ecumenical Temple.
  6635 | Temple   | Entered the Ecumenical Temple
  6937 | D:7      | Reached skill level 5 in Stealth
  7395 | D:8      | Found an iron altar of Okawaru.
  7416 | D:8      | Reached skill level 10 in Short Blades
  7451 | D:8      | Noticed Maurice
  7458 | D:8      | Killed Maurice
  7514 | D:8      | Noticed Prince Ribbit
  7830 | D:8      | Killed Prince Ribbit
  7983 | D:8      | Found a snail-covered altar of Cheibriados.
  7991 | D:8      | Noticed Psyche
  8007 | D:8      | Killed Psyche
  8358 | D:9      | Reached ***** piety under Trog
  8629 | D:9      | Noticed a two-headed ogre
  8634 | D:9      | Killed a two-headed ogre
  8634 | D:9      | Reached XP level 11. HP: 71/71 MP: 11/11
  8704 | D:9      | Noticed Erolcha
  8715 | D:9      | Noticed Erolcha
  8715 | D:9      | Erolcha changed into Erolcha the queen bee
  8750 | D:9      | Killed Erolcha the queen bee
  8750 | D:9      | Reached skill level 10 in Stealth
  8756 | D:9      | Killed from afar by an orc priest

Skill      XL: |  1  2  3  4  5  6  7  8  9 10 11 |
---------------+----------------------------------+-----
Dodging        | 3 4 5 6 7 9 11 | 11.0
Fighting       | 4 5 6 7 9 |  9.5
Short Blades   | 5 6 7 9 11 | 11.1
Stealth        | 1 9 10 | 10.0
Armour         | |  1.5

Action                   |  1- 3 |  4- 6 |  7- 9 | 10-12 || total
-------------------------+-------+-------+-------+-------++-------
Melee: Short sword       |    90 |       |       |       ||    90
       Dagger            |     3 |    84 |   634 |   279 ||  1000
Invok: Berserk           |     3 |     5 |    23 |    11 ||    42
       Trog's Hand       |       |     2 |     5 |     3 ||    10
  Use: Scroll            |       |       |    17 |     2 ||    19
       Potion            |       |       |     1 |     1 ||     2
 Stab: Sleeping          |     1 |     1 |       |    11 ||    13
       Confused          |       |       |       |     1 ||     1
       Petrifying        |       |       |       |     1 ||     1
  Eat: Chunk             |    10 |     8 |    33 |    21 ||    72
       Ration            |       |       |       |     1 ||     1
Armor: Animal skin       |    16 |     3 |    41 |    32 ||    92
Dodge: Dodged            |   113 |    31 |   526 |   189 ||   859
       Deflected         |       |       |     3 |     3 ||     6
